AoeStats
← Doak

MegaRandom

507164669Analyzed
3v3 RM · 15d ago on Sep 16, 2026· 44m 15s· 6 players
Game mode
Random Map
Map size
Normal (6 player)
Population
200
Speed
Normal
Resources
Standard
Victory
Conquest
Starting age
Dark Age
Ending age
Imperial Age
RankedLock teamsTeams togetherTeam positionsShared explorationLock speedFull tech treeHidden civsTurbo modeCheats
Victory
Defeat
🇦🇷 Celts · Argentina
1373
+15
🇬🇧 Aztecs · United Kingdom
1362
+15
🇮🇹 Mongols · Italy
1326
+17
🇬🇧 Mongols · United Kingdom
1432
-19
🇺🇸 Huns · United States
1302
-14
🇨🇴 Dravidians · Colombia
1295
-14
elitedurasteel
10:54 Feudal Age
14:33 Castle Age
13:49 Scale Mail Armor
14:02 Forging
14:44 Gold Mining
14:41 Double-Bit Axe
14:40 Eagle Warrior
15:04 Horse Collar
16:16 Arson
16:32 Squires
19:13 Chain Mail Armor
27:41 Loom
28:14 Bow Saw
28:05 Heavy Plow
29:45 Redemption
32:27 Sanctity
32:18 Fervor
34:06 Wheelbarrow
38:44 Imperial Age
37:28 Medium Warships
37:10 Fletching
39:26 Iron Casting
40:02 Gold Shaft Mining
41:04 Conscription
41:30 Block Printing
42:39 Illumination
42:06 Elite Eagle Warrior
42:31 Elite Skirmisher
43:07 Bodkin Arrow
44:37 Ballistics
44:21 Atlatl
Janez
10:41 Loom
12:52 Feudal Age
13:24 Gold Mining
13:51 Double-Bit Axe
16:59 Fletching
20:32 Castle Age
18:34 Horse Collar
20:28 Town Watch
20:36 Stone Mining
22:40 Bow Saw
26:06 Wheelbarrow
27:53 Bodkin Arrow
28:17 Medium Warships
29:27 Hand Cart
31:07 Careening
31:08 Clinker Construction
31:05 Siphons
34:01 Heavy Plow
37:17 Imperial Age
35:15 Masonry
35:45 Town Patrol
36:22 Ballistics
36:13 Fishing Lines
37:08 Gillnets
39:02 Chemistry
38:30 Shipwright
38:31 Carvel Hull
38:43 Heavy Warships
38:53 Bracer
38:54 Padded Archer Armor
Caconero
11:20 Feudal Age
11:51 Fishing Lines
12:40 Double-Bit Axe
16:11 Castle Age
14:54 Stone Mining
16:21 Loom
16:34 Gold Mining
17:15 Bow Saw
17:17 Horse Collar
18:06 Gillnets
19:32 Gold Shaft Mining
20:18 Scale Mail Armor
20:49 Forging
21:30 Arson
22:03 Chain Mail Armor
26:36 Heavy Plow
28:02 Iron Casting
27:48 Medium Warships
28:26 Wheelbarrow
29:23 Hand Cart
30:40 Town Watch
31:49 Clinker Construction
31:49 Careening
35:08 Imperial Age
35:51 Stone Shaft Mining
35:44 Fletching
36:33 Heavy Warships
37:10 Blast Furnace
37:02 Conscription
37:00 Bodkin Arrow
37:56 Carvel Hull
37:57 Dry Dock
39:19 Chemistry
40:13 Shipwright
39:36 Demolition Ship
40:50 Plate Mail Armor
40:46 Heavy Demolition Ship
42:03 Guilds
The Stray King
4:43 Loom
15:03 Feudal Age
15:59 Double-Bit Axe
19:03 Castle Age
17:29 Bloodlines
17:42 Horse Collar
20:33 Bow Saw
22:09 Scale Barding Armor
24:52 Forging
30:04 Town Watch
31:06 Chain Barding Armor
32:31 Iron Casting
32:40 Heavy Plow
32:42 Fletching
35:45 Husbandry
40:41 Imperial Age
38:09 Bodkin Arrow
38:38 Ballistics
38:55 Light Cavalry
41:32 Bracer
41:24 Heavy Cavalry Archer
42:51 Hussar
44:08 Plate Barding Armor
44:02 Parthian Tactics
[COL] Sagros
7:11 Loom
10:39 Feudal Age
11:14 Double-Bit Axe
11:15 Fishing Lines
13:59 Fletching
21:35 Castle Age
19:31 Horse Collar
22:13 Bodkin Arrow
21:48 Crossbowman
Doak
9:52 Feudal Age
10:22 Double-Bit Axe
12:17 Fletching
19:00 Horse Collar
22:11 Castle Age
20:56 Gold Mining
21:55 Fishing Lines
23:09 Medium Warships
24:41 Scale Barding Armor
24:47 Forging
26:46 Wheelbarrow
26:37 Chain Barding Armor
27:16 Bloodlines
29:34 Bodkin Arrow
29:54 Loom
34:33 Iron Casting
38:40 Imperial Age
36:30 Careening
36:30 Clinker Construction
36:55 Bow Saw
38:52 Ballistics
39:16 Gillnets
39:52 Heavy Warships
39:29 Bracer
40:33 Chemistry
41:17 Hand Cart
42:30 Town Watch
42:46 Padded Archer Armor
Connection lost

Rejoining the realm…

Still unreachable

The connection could not be restored.

Session expired

The server has moved on; the page needs a fresh start.